 Dungeon Crawl Stone Soup version 0.29.1-15-g9cfb28693d (webtiles) character file.

Game seed: 668935191968642763

12 Koragg the Chopper (level 2, -6/29 HPs)
             Began as a Gnoll Chaos Knight on Apr 11, 2023.
             Was a Plaything of Xom.
             Mangled by Sigmund the hornet (shapeshifter) (13 damage)
             ... on level 2 of the Dungeon.
             The game lasted 00:01:41 (248 turns).

Koragg the Chopper (Gnoll Chaos Knight)              Turns: 248, Time: 00:01:44

Health: -6/29      AC:  5    Str: 11    XL:     2   Next: 33%
Magic:  2/2        EV: 12    Int: 11    God:    Xom [*.....]
Gold:   13         SH:  0    Dex: 11    Spells: 1/1 levels left

rFire   . . .      SeeInvis .   a - +0 hand axe (chaos)
rCold   . . .      Faith    .   (no shield)
rNeg    . . .      Spirit   .   b - +2 leather armour
rPois   .          Reflect  .   (no helmet)
rElec   .          Harm     .   (no cloak)
rCorr   .          Rampage  .   (no gloves)
Will    .....                   (no boots)
Stlth   +.........              (no amulet)
HPRegen 0.09/turn               (no ring)
MPRegen 0.08/turn               (no ring)

@: confused, ambrosia-drunk
A: fangs 1, strong nose, distributed training
a: Renounce Religion


You were on level 2 of the Dungeon.
You worshipped Xom.
You were a special plaything of Xom.
You visited 1 branch of the dungeon, and saw 2 of its levels.

You collected 13 gold pieces.

Inventory:

Hand Weapons
 a - a +0 hand axe of chaos (weapon)
Missiles
 d - a boomerang (quivered)
Armour
 b - a +2 leather armour (worn)
Potions
 g - a potion of flight
Miscellaneous
 c - a piece from Xom's chessboard (13/15)


   Skills:
 + Level 6.5 Fighting
 + Level 0.4 Short Blades
 + Level 0.4 Long Blades
 + Level 6.5 Axes
 + Level 0.4 Maces & Flails
 + Level 0.4 Polearms
 + Level 0.4 Staves
 + Level 0.4 Ranged Weapons
 + Level 0.4 Throwing
 + Level 4.5 Armour
 + Level 2.5 Dodging
 + Level 0.4 Stealth
 + Level 0.4 Shields
 + Level 0.4 Unarmed Combat
 + Level 0.4 Spellcasting
 + Level 0.2 Conjurations
 + Level 0.2 Hexes
 + Level 0.2 Summonings
 + Level 0.2 Necromancy
 + Level 0.2 Translocations
 + Level 0.2 Transmutations
 + Level 0.2 Fire Magic
 + Level 0.2 Ice Magic
 + Level 0.2 Air Magic
 + Level 0.2 Earth Magic
 + Level 0.2 Poison Magic
 + Level 0.5 Invocations
 + Level 0.4 Evocations


You had one spell level left.
You didn't know any spells.
Your spell library was empty.

Dungeon Overview and Level Annotations

Branches:
Dungeon (2/15)

Altars:

Annotations:
D:2 Sigmund


Innate Abilities, Weirdness & Mutations

You have very sharp teeth.
Your uncanny sense of smell can sniff out nearby items.
Your experience applies equally to all skills.


Message History

Your surroundings suddenly seem different.
Sigmund and 2 goblins come into view.
Found 5 gold pieces.
Sigmund shouts!
The goblin shouts!
Sigmund casts a spell at you. The magic dart hits you.
The goblin unwields a +0 club.
The goblin wields a +0 sling.
The goblin shoots a sling bullet.
The sling bullet barely misses you.
As you read the scroll labelled LUITOH KASAS, it crumbles to dust.
It is a scroll of identify.
g - a potion of flight Sigmund gestures at you while chanting.
The puff of flame hits you!
The goblin shoots a sling bullet.
The sling bullet hits you but does no damage.
You make a move on Xom's chessboard...
The goblin seems to slow down.
The goblin shoots a sling bullet.
The sling bullet barely misses you.
Unknown command.
Sigmund hits you from afar with a +0 scythe.
* * * LOW HITPOINT WARNING * * *
The goblin shoots a sling bullet.
The sling bullet hits you.
* * * LOW HITPOINT WARNING * * *
Unknown command.
You make a move on Xom's chessboard...
Sigmund twists and deforms.
Xom's power touches on a nearby monster.
Sigmund changes into a shapeshifter!
You are now a special plaything of Xom.
Sigmund the shapeshifter changes into a hornet!
The goblin closely misses you.
Unknown command.
You hit the goblin. You freeze the goblin.
You bite the goblin, but do no damage.
The goblin is severely wounded.
The goblin closely misses you.
It was a potion of ambrosia.
You are confused.
You feel invigorated.
Xom thinks this is hilarious!
Sigmund stings you!
You die...
Xom roars with laughter!

####### ####
##.....##....
##............
#.............
#.......g.....
#.....@g$.....
#......y......
#.......).....
#.............
##............
##.....##....
####### ####


You could see Sigmund the hornet shaped shifter and 2 goblins.

Vanquished Creatures
  An endoplasm (D:2)
  2 hobgoblins (D:1)
  2 jackals (D:2)
  2 bats
  2 frilled lizards
  2 kobolds (D:2)
  2 rats
13 creatures vanquished.

Notes
Turn   | Place    | Note
-------+----------+-------------------------------------------
     0 | D:1      | Koragg the Gnoll Chaos Knight began the quest for the Orb.
     0 | D:1      | Reached XP level 1. HP: 23/23 MP: 1/1
     5 | D:1      | XOM: silly message
   156 | D:1      | XOM: silly message
   178 | D:2      | XOM: chaos cloud
   183 | D:2      | Reached XP level 2. HP: 29/29 MP: 2/2
   240 | D:2      | Noticed Sigmund
   246 | D:2      | Noticed Sigmund
   246 | D:2      | Sigmund changed into Sigmund the shapeshifter
   246 | D:2      | XOM: polymorph Sigmund -> Sigmund the shapeshifter
   246 | D:2      | Noticed Sigmund
   246 | D:2      | Sigmund the shapeshifter changed into Sigmund the hornet
   248 | D:2      | Mangled by Sigmund the hornet (shapeshifter)

Illustrated notes

Levels and vault maps discovered:
D:1:      minmay_arrival_four_houses, layout_loops_ring, minivault_14
D:2:      layout_rooms, shapermc_ecumenical_altar_acropolis,
          kennysheep_big_empty_room, uniq_sigmund

Action                   || total
-------------------------++-------
Melee: Hand axe          ||    32
       Bite              ||     2
Throw: Boomerang         ||     5
Evoke: Piece from Xom's  ||     2
  Use: Scroll            ||     2
       Potion            ||     1
Armor: Leather armour    ||    12
Dodge: Dodged            ||    18
